 Dungeon Crawl Stone Soup version 0.23-b1-86-gba62f8e092 (webtiles) character file.

Game seed: 7494440910125684543

3530 Gargoyl the Chopper (level 9, 0/75 HPs)
             Began as a Centaur Abyssal Knight on Feb 8, 2019.
             Was a High Priest of Lugonu.
             Slain by an orc warrior
             ... wielding a +0 halberd
              (15 damage)
             ... on level 8 of the Dungeon.
             The game lasted 00:16:28 (7125 turns).

Gargoyl the Chopper (Centaur Abyssal Knight)        Turns: 7125, Time: 00:16:28

Health: 0/75       AC: 14    Str: 16 (18) XL:     9   Next: 82%
Magic:  9/13       EV:  0    Int: 10 (11) God:    Lugonu [*****.]
Gold:   403        SH: 11    Dex:  7 (11) Spells: 8/8 levels left

rFire    + . .     SeeInvis .   a - +3 hand axe
rCold    . . .     Gourm    .   A - +0 large shield
rNeg     . . .     Faith    .   F - +0 plate armour
rPois    .         Spirit   .   (helmet restricted)
rElec    .         Reflect  .   (no cloak)
rCorr    .         Harm     .   b - +1 pair of gloves (curse)
MR       .....                  (no barding)
Stlth    ..........             e - amulet of regeneration
HPRegen  0.62/turn              h - +2 ring of strength
MPRegen  0.13/turn              m - ring of protection from fire

@: very quick
A: large, antennae 1, hooves 3, icy blue scales 1, deformed body, deterioration
1, speed 2, tough skin 3
a: Depart the Abyss, Bend Space, Banish, Corrupt, Enter the Abyss, Renounce
Religion


You were on level 8 of the Dungeon.
You worshipped Lugonu.
Lugonu was extremely pleased with you.
You were hungry.

You visited 1 branch of the dungeon, and saw 8 of its levels.
You visited the Abyss 1 time.
You also visited: Sewer.

You collected 403 gold pieces.

Inventory:

Hand Weapons
 a - a +3 hand axe (weapon)
 t - a +0 war axe
Missiles
 l - 8 javelins (quivered)
Armour
 b - a cursed +1 pair of gloves (worn)
 A - a +0 large shield (worn)
 F - a +0 plate armour (worn)
Jewellery
 e - an amulet of regeneration (around neck)
 h - a +2 ring of strength (left hand)
 m - a ring of protection from fire (right hand)
 y - an uncursed ring of see invisible
 C - an uncursed ring of protection from cold
 D - an uncursed ring of magical power
Wands
 f - a wand of enslavement (8)
 r - a wand of flame (14)
 B - a wand of disintegration (10)
Scrolls
 n - 8 scrolls of teleportation
 o - 4 scrolls of identify
 s - a scroll of amnesia
 u - a scroll of magic mapping
 v - 2 scrolls of blinking
 w - 4 scrolls of remove curse
 E - a scroll of fog
Potions
 d - a potion of haste
 i - 7 potions of heal wounds
 j - 2 potions of brilliance
 k - 5 potions of flight
 p - 10 potions of curing
 q - a potion of invisibility
 x - 3 potions of agility
 z - 3 potions of might
Comestibles
 c - 16 rations


   Skills:
 + Level 5.7 Fighting
 + Level 7.1 Axes
 + Level 1.2 Throwing
 * Level 5.4 Armour
 * Level 4.1 Dodging
 + Level 1.9 Shields
 * Level 6.2 Invocations


You had 8 spell levels left.
You didn't know any spells.
Your spell library contained the following spells:

 Spells                   Type           Power        Failure   Level  Hunger
 Magic Dart               Conj           #...         100%        1    ##.....
 Ensorcelled Hibernation  Hex/Ice        #.....       100%        2    ###....
 Searing Ray              Conj           #.....       100%        2    ###....
 Dazzling Spray           Conj/Hex       #.....       100%        3    ####...
 Force Lance              Conj/Tloc      #.......     100%        4    #####..
 Fulminant Prism          Conj/Hex       #.........   100%        4    #####..
 Iskenderun's Mystic Bla  Conj           #.......     100%        4    #####..
 Borgnjor's Vile Clutch   Necr/Erth      #.........   100%        5    ######.
 Silence                  Hex/Air        #.........   100%        5    ######.
 Darkness                 Hex            #.........   100%        6    #######
 Shadow Creatures         Summ           N/A          100%        6    #######


Dungeon Overview and Level Annotations

Branches:
Dungeon (8/15)             Temple (0/1) D:5
   Lair: D:8-11

Altars:
Elyvilon


Innate Abilities, Weirdness & Mutations

You have hooves in place of feet.
Armour fits poorly on your strangely shaped body.
You cover ground very quickly.
You have extremely tough skin. (AC +3)
You have a pair of small antennae on your head.
You are partially covered in icy blue scales. (AC +2)
Your body sometimes deteriorates upon taking damage.


Message History

The orc hits you but does no damage. x2
Your shield and plate armour prevent you from hitting the orc warrior.
Your kick misses the orc warrior.
The orc warrior is moderately wounded.
You hit the orc.
You kill the orc!
Lugonu accepts your kill.
Your shield and plate armour prevent you from hitting the orc.
You block the orc warrior's attack. You block the orc's attack. x2
Press: ? - help, Shift-Dir - straight line, f - orc warrior
Aim: an orc warrior, wielding a +0 halberd and wearing a +0 plate armour (moderately wounded, chance to defeat MR: 84%)
You fail to use your ability.
You block the orc warrior's attack. The orc hits you but does no damage. x2
Press: ? - help, Shift-Dir - straight line, f/p - orc warrior
Aim: an orc warrior, wielding a +0 halberd and wearing a +0 plate armour (moderately wounded, chance to defeat MR: 84%)
The orc warrior barely resists.
You are feeling hungry.
The orc hits you but does no damage.
The orc warrior hits you with a +0 halberd!
You die...

##.........#####.
##..........###.
##.............
####.#..........#.
##.##.#.รท.......##)
#......o.)...##....
#...#...).......#..
#ooo#.##J.......##.
##@######..l.....#.
### #..o.......
###.o......
###.o.... ##......
#...o... ##.......
..#.......o
............


You could see an orc warrior and 2 orcs.

Vanquished Creatures
  Pikel (D:5)
  A water moccasin (D:8)
  2 orc warriors
  A slave (D:5)
  4 centaurs
  5 ogres
  2 big kobolds
  3 bullfrogs
  A scorpion (D:4)
  2 howler monkeys
  7 crimson imps
  2 hounds (D:8)
  2 centaur skeletons
  A jelly (D:8)
  3 bullfrog zombies
  3 orc priests
  A bullfrog skeleton (D:7)
  A gnoll shaman (D:4)
  4 iguanas
  6 orc wizards
  3 worker ants
  A worker ant zombie (D:5)
  12 gnolls
  20 adders
  5 river rats (Sewer)
  A shadow imp (D:4)
  2 dart slugs (D:5)
  3 worms
  4 leopard geckos
  23 orcs
  18 giant cockroaches
  8 goblins
  8 hobgoblins
  7 jackals
  23 kobolds
  4 quokkas
  4 ball pythons
  4 bats
  8 frilled lizards
  2 leopard gecko skeletons
  28 rats
240 creatures vanquished.

Vanquished Creatures (others)
  An orc warrior (D:7)
  An orc wizard (D:8)
  A gnoll (D:5)
  A quokka (D:8)
  3 plants (D:8)
7 creatures vanquished.

Grand Total: 247 creatures vanquished

Notes
Turn   | Place    | Note
-------+----------+-------------------------------------------
     0 | Abyss:1  | Gargoyl the Centaur Abyssal Knight began the quest for the
                  | Orb.
     0 | Abyss:1  | Reached XP level 1. HP: 19/19 MP: 2/2
     7 | Abyss:1  | Found a corrupted altar of Lugonu.
    29 | Abyss:1  | Found a corrupted altar of Lugonu.
   142 | Abyss:2  | Noticed a neqoxec
   143 | Abyss:2  | Noticed a spiny frog
   178 | Abyss:2  | Gained mutation: You are frail. (-10% HP) [a neqoxec]
   182 | Abyss:2  | Noticed an ancient zyme
   187 | D:1      | Escaped the Abyss
   715 | D:1      | Reached XP level 2. HP: 13/23 MP: 3/3
  1228 | D:2      | Reached skill level 2 in Axes
  1228 | D:2      | Reached skill level 1 in Dodging
  1271 | D:2      | Reached * piety under Lugonu
  1383 | D:2      | Reached XP level 3. HP: 26/27 MP: 4/4
  1817 | D:3      | Reached XP level 4. HP: 32/36 MP: 5/5
  1900 | D:2      | Reached XP level 5. HP: 30/41 MP: 5/7
  1997 | D:3      | Reached ** piety under Lugonu
  2001 | D:3      | Reached skill level 3 in Axes
  2147 | D:3      | Reached XP level 6. HP: 45/46 MP: 8/8
  2625 | D:4      | Reached skill level 4 in Axes
  2741 | D:4      | Reached XP level 7. HP: 28/54 MP: 9/9
  3289 | D:4      | Reached *** piety under Lugonu
  3527 | D:5      | Entered Level 5 of the Dungeon
  3586 | D:5      | Reached skill level 1 in Throwing
  3637 | D:5      | Found a glowing drain.
  3676 | Sewer    | Entered a sewer
  3872 | Sewer    | Reached **** piety under Lugonu
  4020 | Sewer    | Reached skill level 5 in Axes
  4020 | Sewer    | Reached XP level 8. HP: 50/60 MP: 11/11
  4386 | D:5      | Found a staircase to the Ecumenical Temple.
  4422 | D:5      | Lost mutation: You are frail. (-10% HP) [potion of
                  | mutation]
  4422 | D:5      | Gained mutation: Your body sometimes deteriorates upon
                  | taking damage. [potion of mutation]
  4422 | D:5      | Gained mutation: You have a pair of small antennae on your
                  | head. [potion of mutation]
  4422 | D:5      | Gained mutation: You are partially covered in icy blue
                  | scales. (AC +2) [potion of mutation]
  4468 | D:5      | Noticed Pikel
  4885 | D:5      | Killed Pikel
  4885 | D:5      | Reached skill level 5 in Fighting
  4885 | D:5      | Reached skill level 5 in Invocations
  5037 | D:6      | Found Igyad's Weapon Boutique.
  5268 | D:6      | Reached skill level 6 in Axes
  5473 | D:7      | Reached XP level 9. HP: 44/74 MP: 12/12
  5862 | D:7      | Reached ***** piety under Lugonu
  6434 | D:8      | Reached skill level 1 in Shields
  6440 | D:8      | Reached skill level 5 in Armour
  6693 | D:8      | Found a white marble altar of Elyvilon.
  6730 | D:8      | Reached skill level 7 in Axes
  7125 | D:8      | Slain by an orc warrior

Skill      XL: |  1  2  3  4  5  6  7  8  9 |
---------------+----------------------------+-----
Axes           | 2 3 4 5 6 7 |  7.1
Dodging        | 1 2 3 4 |  4.1
Armour         | 2 3 4 5 |  5.4
Fighting       | 4 5 |  5.7
Invocations    | 3 4 5 6 |  6.2
Throwing       | 1 |  1.2
Shields        | 1 |  1.9

Action                   |  1- 3 |  4- 6 |  7- 9 || total
-------------------------+-------+-------+-------++-------
Melee: Hand axe          |   110 |   108 |   536 ||   754
       Kick              |    15 |    26 |   118 ||   159
Throw: Javelin           |       |     7 |    10 ||    17
Invok: Depart the Abyss  |     1 |       |       ||     1
       Bend Space        |       |     1 |     1 ||     2
       Banish            |       |       |     2 ||     2
  Use: Potion            |     3 |     1 |     1 ||     5
       Scroll            |     7 |     5 |    11 ||    23
  Eat: Chunk             |     1 |     3 |     9 ||    13
       Ration            |       |       |     1 ||     1
Armor: Robe              |    17 |       |       ||    17
       Chain mail        |    38 |    79 |   343 ||   460
       Plate armour      |       |       |    16 ||    16
Dodge: Dodged            |    35 |    35 |   108 ||   178
Block: Large shield      |       |       |   190 ||   190
